 Dungeon Crawl Stone Soup version 0.21-a0-496-g696f58f537 (webtiles) character file.

98 Kaname the Stinger (level 4, -2/30 HPs)
             Began as a Demonspawn Venom Mage on Nov 23, 2017.
             Killed from afar by an orc wizard (8 damage)
             ... with a magic dart
             ... on level 2 of the Dungeon.
             The game lasted 00:05:13 (2275 turns).

Kaname the Stinger (Demonspawn Venom Mage)          Turns: 2275, Time: 00:05:14

Health: -2/30      AC:  2    Str:  9    XL:     4   Next: 43%
Magic:  2/7        EV: 12    Int: 17    God:
Gold:   111        SH:  0    Dex: 13    Spells: 4/7 levels left

rFire    . . .     SeeInvis .   f - +0 short sword
rCold    . . .     Gourm    .   (no shield)
rNeg     . . .     Faith    .   a - +0 robe
rPois    .         Spirit   .   (helmet restricted)
rElec    .         Reflect  .   (no cloak)
rCorr    .         Harm     .   (no gloves)
MR       .....                  (no boots)
Stlth    +++.......             (no amulet)
HPRegen  0.10/turn              (no ring)
MPRegen  0.10/turn              (no ring)

@: no status effects
A: horns 1, nightstalker 1
a: no special abilities


You were on level 2 of the Dungeon.
You were hungry.

You visited 1 branch of the dungeon, and saw 2 of its levels.

You collected 111 gold pieces.

Inventory:

Hand Weapons
 f - a +0 short sword (weapon)
Armour
 a - a +0 robe (worn)
Books
 b - a Young Poisoner's Handbook

   Spells                             Type                      Level
   a - Sting                          Conjuration/Poison           1
   b - Poisonous Vapours              Poison/Air                   2
   c - Mephitic Cloud                 Conjuration/Poison/Air       3
   d - Olgreb's Toxic Radiance        Poison                       4
   e - Venom Bolt                     Conjuration/Poison           5
Comestibles
 c - 2 bread rations
 j - 2 chunks of flesh


   Skills:
 - Level 1.7 Dodging
 - Level 1.7 Stealth
 - Level 2.0 Spellcasting
 - Level 2.0 Conjurations
 + Level 4.9 Poison Magic


You had 4 spell levels left.
You knew the following spells:

 Your Spells              Type           Power        Failure   Level  Hunger
b - Mephitic Cloud        Conj/Pois/Air  #.......     22%         3    ###....


Dungeon Overview and Level Annotations

Branches:
Dungeon (2/15)

Altars:


Innate Abilities, Weirdness & Mutations

You have a pair of small horns on your head.
You are slightly more attuned to the shadows.


Message History

e - a potion of curing The orc wizard gestures at you while chanting.
The puff of flame hits you!
* * * LOW HITPOINT WARNING * * *
You feel better. The orc wizard barely misses you.
The orc wizard hits you with a dagger.
* * * LOW HITPOINT WARNING * * *
You closely miss the orc wizard.
The orc wizard is lightly wounded.
The orc wizard hits you with a dagger.
* * * LOW HITPOINT WARNING * * *
The orc wizard looks encouraged for a moment.
You barely miss the orc wizard.
The orc wizard is lightly wounded.
The orc wizard closely misses you.
You closely miss the orc wizard.
The orc wizard is lightly wounded.
The orc wizard gestures at you while chanting.
The magic dart hits you!
You die...

####.######..##############
#......................#
#..#####..############.#
#..#.......# #.#
####..#.###...# #.#
..†...#....)..# #.#
###...#####<..# #.#
#.......#...###########.#
#.(.###.#..ooo@§§.......#
#....##....##############
#....#####.####################
#..............................
#..#######.####################
##.#######.# #.........#
###########


You could see 2 orc wizards.

Vanquished Creatures
  A worker ant (D:2)
  An adder (D:2)
  2 worms (D:2)
  3 dart slugs
  2 orcs
  5 bats
  2 giant cockroaches (D:2)
  9 hobgoblins
  3 jackals (D:2)
  8 kobolds
  A ball python (D:2)
  4 frilled lizards (D:2)
  3 goblins (D:1)
  7 rats
51 creatures vanquished.

Notes
Turn   | Place    | Note
-------+----------+-------------------------------------------
     0 | D:1      | Kaname the Demonspawn Venom Mage began the quest for the Orb.
     0 | D:1      | Reached XP level 1. HP: 13/13 MP: 3/3
     2 | D:1      | Noticed an ogre
     4 | D:1      | Noticed a naga
     4 | D:1      | Noticed a spriggan
     6 | D:1      | Noticed a felid
     8 | D:1      | Noticed a vampire
     8 | D:1      | Noticed a tengu
    10 | D:1      | Noticed a merfolk
    10 | D:1      | Noticed an octopode
    12 | D:1      | Noticed a vine stalker
    12 | D:1      | Noticed a dwarf
    14 | D:1      | Noticed a troll
    14 | D:1      | Noticed a ghoul
    16 | D:1      | Noticed a demigod
    16 | D:1      | Noticed a formicid
    18 | D:1      | Noticed a halfling
    20 | D:1      | Noticed a minotaur
    20 | D:1      | Noticed a demonspawn
    22 | D:1      | Noticed a human
    22 | D:1      | Noticed a gargoyle
    24 | D:1      | Noticed a centaur
    24 | D:1      | Noticed an elf
    26 | D:1      | Noticed a draconian
   409 | D:1      | Gained mutation: You are slightly more attuned to the shadows. [demonic ancestry]
   409 | D:1      | Reached XP level 2. HP: 16/19 MP: 0/5
  1262 | D:1      | Gained mutation: You have a pair of small horns on your head. [demonic ancestry]
  1262 | D:1      | Reached XP level 3. HP: 7/24 MP: 0/6
  1401 | D:2      | Learned a level 3 spell: Mephitic Cloud
  1508 | D:2      | Reached skill level 4 in Poison Magic
  1639 | D:2      | Reached XP level 4. HP: 17/30 MP: 2/7
  2275 | D:2      | Killed from afar by an orc wizard

Vault maps used:
D:1:      kb_arrival_jail, serial_glass, glass_columns_c, glass_columns_a,
          glass_columns_a, glass_columns_c, glass_columns_a, glass_columns_a
D:2:      minmay_misc_feat_iff, solitary_fountain

Skill      XL: |  1  2  3 |
---------------+----------+-----
Conjurations   | 2 |  2.0
Poison Magic   | 4 |  4.9
Dodging        | |  1.7
Stealth        | |  1.7
Spellcasting   | |  2.0

Action                   |  1- 3 |  4- 6 || total
-------------------------+-------+-------++-------
Melee: Club              |     5 |       ||     5
       Unarmed           |     5 |       ||     5
       Short sword       |    30 |    22 ||    52
       Dagger            |     1 |       ||     1
       Headbutt          |     3 |     2 ||     5
 Cast: Sting             |    53 |    27 ||    80
  Use: Scroll            |       |     4 ||     4
       Potion            |       |     1 ||     1
 Stab: Sleeping          |     3 |       ||     3
       Distracted        |       |     1 ||     1
  Eat: Chunk             |     3 |     2 ||     5
Armor: Robe              |    11 |     7 ||    18
Dodge: Dodged            |    21 |    21 ||    42

Table legend:
 A = Spawn XP
 B = Non-spawn XP
 C = Spawn XP percentage of total XP
 D = Spawn monster count
 E = Non-spawn monster count
 F = Spawn count percentage of total count
 G = Total turns spent on level
                    A         B        C        D         E        F      G
               +---------+---------+-------+---------+---------+-------+---------
         Total |       0 |     140 |   0.0 |       0 |      51 |   0.0 |  2275
               +---------+---------+-------+---------+---------+-------+---------
           D:1 |       0 |      38 |   0.0 |       0 |      20 |   0.0 |  1295
           D:2 |       0 |     102 |   0.0 |       0 |      31 |   0.0 |   980
               +---------+---------+-------+---------+---------+-------+---------
